AAA E
GWINNETT STRIPERS @ IOWA CUBS
04/28/2030
 
TOP OF THE 1ST
Gwinnett Stripers batting - Pitching for Iowa Cubs : RHP Gary Rafuse
Pitching: RHP Gary Rafuse
Batting: RHB Ian Mikalonis 0-0: Ball
1-0: Ball
2-0: Ball
3-0: Foul Ball, location: 2F
3-1: Base on Balls
Batting: RHB Jeff Young 0-0: Called Strike
0-1: Ball
1-1: SINGLE (Groundball, 4MD, EV 94.4 MPH)
Ian Mikalonis to second
Batting: LHB Jimmy Avedon 0-0: Ball
1-0: Foul Ball, location: 23F
1-1: Foul Ball, location: 5F
1-2: Fielders Choice at 2nd, 3-6 (Groundball, 13, EV 90.6 MPH)
Ian Mikalonis to third
Batting: RHB Davis Wendzel 0-0: Ball
1-0: Swinging Strike
1-1: Foul Ball, location: 2F
1-2: Ball
2-2: Strikes out swinging
Batting: RHB David Jaimes 0-0: Called Strike
0-1: Ball
1-1: Foul Ball, location: 2F
1-2: Ball
2-2: Ball
3-2: Strikes out swinging
Top of the 1st over - 0 runs, 1 hit, 0 errors, 2 left on base; Gwinnett 0 - Iowa 0
BOTTOM OF THE 1ST
Iowa Cubs batting - Pitching for Gwinnett Stripers : RHP Ivan Navia
Pitching: RHP Ivan Navia
Batting: LHB Jimmy Cummins 0-0: Ball
1-0: Ground out U3 (Groundball, 34, EV 85.6 MPH)
Batting: LHB Luis Mejia 0-0: Ball
1-0: Ball
2-0: Foul Ball, location: 7LMF
2-1: Swinging Strike
2-2: Strikes out swinging
Batting: LHB Larry Perron 0-0: Called Strike
0-1: Ball
1-1: Ball
2-1: Called Strike
2-2: Hit by Pitch
Batting: SHB Jake Barry 0-0: Called Strike
0-1: Ball
1-1: Ball
2-1: Ball
3-1: Foul Ball, location: 5F
3-2: Ground out 6-3 (Groundball, 6MS, EV 85.0 MPH)
Bottom of the 1st over - 0 runs, 0 hits, 0 errors, 1 left on base; Gwinnett 0 - Iowa 0
TOP OF THE 2ND
Gwinnett Stripers batting - Pitching for Iowa Cubs : RHP Gary Rafuse
Batting: LHB Alfonso Rivas 0-0: Foul Ball, location: 25FF
0-1: Swinging Strike
0-2: Ground out 1-3 (Groundball, 13S, EV 74.4 MPH)
Batting: RHB Alex Castro 0-0: Called Strike
0-1: Ground out 6-3 (Groundball, 6, EV 101.3 MPH)
Batting: LHB Chris Shields 0-0: Ball
1-0: Ground out 1-3 (Groundball, 15S, EV 65.0 MPH)
Top of the 2nd over - 0 runs, 0 hits, 0 errors, 0 left on base; Gwinnett 0 - Iowa 0
BOTTOM OF THE 2ND
Iowa Cubs batting - Pitching for Gwinnett Stripers : RHP Ivan Navia
Batting: LHB Taed Mason 0-0: Ball
1-0: Ground out 5-3 (Groundball, 5, EV 81.3 MPH)
Batting: LHB Cole Roederer 0-0: Ball
1-0: Fly out, F7 (Flyball, 7LM, EV 95.0 MPH)
Batting: RHB Josh McElroy 0-0: Ball
1-0: Fly out, F7 (Flyball, 7D, EV 110.6 MPH)
Bottom of the 2nd over - 0 runs, 0 hits, 0 errors, 0 left on base; Gwinnett 0 - Iowa 0
TOP OF THE 3RD
Gwinnett Stripers batting - Pitching for Iowa Cubs : RHP Gary Rafuse
Batting: LHB Mike Pajak 0-0: Ball
1-0: Foul Ball, location: 7LSF
1-1: Ball
2-1: Foul Ball, location: 2F
2-2: Strikes out swinging
Batting: RHB Ian Mikalonis 0-0: Called Strike
0-1: Swinging Strike
0-2: Foul Ball, location: 2F
0-2: Ball
1-2: Ball
2-2: Ball
3-2: Fly out, F9 (Flyball, 9D, EV 94.4 MPH)
Batting: RHB Jeff Young 0-0: Called Strike
0-1: Ball
1-1: Swinging Strike
1-2: TRIPLE (Groundball, 5L, EV 106.3 MPH)
Batting: LHB Jimmy Avedon 0-0: Called Strike
0-1: Ground out 5-3 (Groundball, 5, EV 107.5 MPH)
Top of the 3rd over - 0 runs, 1 hit, 0 errors, 1 left on base; Gwinnett 0 - Iowa 0
BOTTOM OF THE 3RD
Iowa Cubs batting - Pitching for Gwinnett Stripers : RHP Ivan Navia
Batting: RHB Geoff Odom 0-0: Ball
1-0: Ball
2-0: Ball
3-0: Called Strike
3-1: Base on Balls
Batting: RHB David Castro 0-0: Ball
1-0: Ground out 5-3 (Groundball, 56S, EV 63.8 MPH)
Geoff Odom to second
Batting: LHB Jimmy Cummins 0-0: Ball
1-0: Ball
2-0: Ball
3-0: Called Strike
3-1: Base on Balls
Batting: LHB Luis Mejia 0-0: SINGLE (Line Drive, 9S, EV 105.6 MPH)
Geoff Odom to third
Jimmy Cummins to second
Batting: LHB Larry Perron 0-0: Called Strike
0-1: Ball
1-1: Ball
2-1: Called Strike
2-2: Ball
3-2: Base on Balls
Geoff Odom scores
Jimmy Cummins to third
Luis Mejia to second
Batting: SHB Jake Barry 0-0: Ball
1-0: Ball
2-0: Ball
3-0: Called Strike
3-1: Base on Balls
Jimmy Cummins scores
Luis Mejia to third
Larry Perron to second
Batting: LHB Taed Mason 0-0: Ball
1-0: Ball
2-0: Swinging Strike
2-1: Swinging Strike
2-2: Foul Ball, location: 2F
2-2: Strikes out swinging
Batting: LHB Cole Roederer 0-0: Called Strike
0-1: Called Strike
0-2: Ball
1-2: Ball
2-2: Ball
3-2: Base on Balls
Luis Mejia scores
Larry Perron to third
Jake Barry to second
Batting: RHB Josh McElroy 0-0: Called Strike
0-1: Called Strike
0-2: Ball
1-2: Ball
2-2: Strikes out looking
Bottom of the 3rd over - 3 runs, 1 hit, 0 errors, 3 left on base; Gwinnett 0 - Iowa 3
TOP OF THE 4TH
Gwinnett Stripers batting - Pitching for Iowa Cubs : RHP Gary Rafuse
Batting: RHB Davis Wendzel 0-0: Ball
1-0: Called Strike
1-1: Ball
2-1: Ground out U3 (Groundball, 34, EV 77.5 MPH)
Batting: RHB David Jaimes 0-0: Called Strike
0-1: Ball
1-1: Called Strike
1-2: Foul Ball, location: 2F
1-2: Strikes out looking
Batting: LHB Alfonso Rivas 0-0: Called Strike
0-1: Ball
1-1: Ball
2-1: Ball
3-1: Base on Balls
Batting: RHB Alex Castro 0-0: Called Strike
0-1: SINGLE (Line Drive, 3D, EV 97.5 MPH)
Alfonso Rivas to second
Runner from 2nd tries for 3rd, SAFE, throw by RF made to third
Batting: LHB Chris Shields 0-0: Ball
1-0: Ball
2-0: Ball
3-0: Base on Balls
Alex Castro to second
Batting: LHB Mike Pajak 0-0: Called Strike
0-1: Foul Ball, location: 2F
0-2: Strikes out swinging
Top of the 4th over - 0 runs, 1 hit, 0 errors, 3 left on base; Gwinnett 0 - Iowa 3
BOTTOM OF THE 4TH
Iowa Cubs batting - Pitching for Gwinnett Stripers : RHP Ivan Navia
Batting: RHB Geoff Odom 0-0: Ball
1-0: SINGLE (Groundball, 56D, EV 108.1 MPH)
Batting: RHB David Castro 0-0: Swinging Strike
0-1: Foul Ball, location: 2F
0-2: Fly out, F8 (Flyball, 8LD, EV 92.5 MPH)
Batting: LHB Jimmy Cummins 0-0: Ball
1-0: Called Strike
1-1: Swinging Strike
1-2: Foul Ball, location: 25F
1-2: Foul Ball, location: 2F
1-2: Ball
2-2: Ball
3-2: Base on Balls
Geoff Odom to second
Batting: LHB Luis Mejia 0-0: Called Strike
0-1: Called Strike
0-2: Ball
1-2: Grounds into double play, 4-6-3 (Groundball, 34D, EV 104.4 MPH)
Bottom of the 4th over - 0 runs, 1 hit, 0 errors, 1 left on base; Gwinnett 0 - Iowa 3
TOP OF THE 5TH
Gwinnett Stripers batting - Pitching for Iowa Cubs : RHP Gary Rafuse
Batting: RHB Ian Mikalonis 0-0: Ball
1-0: Ground out 6-3 (Groundball, 56, EV 101.9 MPH)
Batting: RHB Jeff Young 0-0: Fly out, F9 (Flyball, 9S, EV 86.9 MPH)
Batting: LHB Jimmy Avedon 0-0: Ball
1-0: Fly out, F8 (Flyball, 8RM, EV 90.0 MPH)
Top of the 5th over - 0 runs, 0 hits, 0 errors, 0 left on base; Gwinnett 0 - Iowa 3
BOTTOM OF THE 5TH
Iowa Cubs batting - Pitching for Gwinnett Stripers : RHP Ivan Navia
Batting: LHB Larry Perron 0-0: Ball
1-0: Ball
2-0: Ball
3-0: Called Strike
3-1: Ground out 1-3 (Groundball, 13S, EV 70.6 MPH)
Batting: SHB Jake Barry 0-0: Ball
1-0: Ball
2-0: Called Strike
2-1: Ball
3-1: Foul Ball, location: 2F
3-2: Foul Ball, location: 3F
3-2: Base on Balls
Batting: LHB Taed Mason 0-0: Ball
1-0: Swinging Strike
1-1: Foul Ball, location: 2F
1-2: Foul Ball, location: 3F
1-2: Strikes out swinging
Pitching: RHP Alex Sosa
Batting: LHB Cole Roederer 0-0: Ball
1-0: Ball
2-0: Ball
3-0: Called Strike
3-1: SINGLE (Groundball, 34D, EV 97.5 MPH) - runner OUT being hit by batted ball. (infield hit)
Bottom of the 5th over - 0 runs, 1 hit, 0 errors, 1 left on base; Gwinnett 0 - Iowa 3
TOP OF THE 6TH
Gwinnett Stripers batting - Pitching for Iowa Cubs : RHP Gary Rafuse
Batting: RHB Davis Wendzel 0-0: Called Strike
0-1: Ball
1-1: Ball
2-1: Ball
3-1: Called Strike
3-2: Strikes out swinging
Batting: RHB David Jaimes 0-0: Ball
1-0: Foul Ball, location: 2F
1-1: Ball
2-1: Foul Ball, location: 2F
2-2: Ball
3-2: Strikes out looking
Batting: LHB Alfonso Rivas 0-0: Ball
1-0: Ball
2-0: Ball
3-0: Base on Balls
Batting: RHB Alex Castro 0-0: Foul Ball, location: 5F
0-1: Ground out 5-3 (Groundball, 5S, EV 93.1 MPH)
Top of the 6th over - 0 runs, 0 hits, 0 errors, 1 left on base; Gwinnett 0 - Iowa 3
BOTTOM OF THE 6TH
Iowa Cubs batting - Pitching for Gwinnett Stripers : RHP Alex Sosa
Batting: RHB Josh McElroy 0-0: Ball
1-0: SINGLE (Line Drive, 4M, EV 98.1 MPH)
Batting: RHB Geoff Odom 0-0: SINGLE (Groundball, 4MD, EV 98.8 MPH)
Josh McElroy to second
Batting: RHB David Castro 0-0: SINGLE (Groundball, 6MS, EV 81.9 MPH) (infield hit)
Josh McElroy to third
Geoff Odom to second
Batting: LHB Jimmy Cummins 0-0: Ball
1-0: Called Strike
1-1: Grounds into double play, 3-2-3 (Groundball, 3, EV 82.5 MPH)
Geoff Odom to third
David Castro to second
Batting: LHB Luis Mejia 0-0: Called Strike
0-1: Ball
1-1: Ball
2-1: Ground out 6-3 (Groundball, 4M, EV 100.6 MPH)
Bottom of the 6th over - 0 runs, 3 hits, 0 errors, 2 left on base; Gwinnett 0 - Iowa 3
TOP OF THE 7TH
Gwinnett Stripers batting - Pitching for Iowa Cubs : RHP Gary Rafuse
Batting: LHB Chris Shields 0-0: Foul Ball, location: 2F
0-1: Ball
1-1: Foul Ball, location: 9LMF
1-2: Ball
2-2: Foul Ball, location: 7LDF
2-2: Strikes out looking
Pitching: RHP Elijah Jeffries
Batting: LHB Mike Pajak 0-0: Ball
1-0: Ball
2-0: Fly out, F8 (Flyball, 8RM, EV 107.5 MPH)
Batting: RHB Ian Mikalonis 0-0: Ball
1-0: Ball
2-0: Ground out 6-3 (Groundball, 6M, EV 91.9 MPH)
Top of the 7th over - 0 runs, 0 hits, 0 errors, 0 left on base; Gwinnett 0 - Iowa 3
BOTTOM OF THE 7TH
Iowa Cubs batting - Pitching for Gwinnett Stripers : RHP Alex Sosa
Batting: LHB Larry Perron 0-0: Ball
1-0: Ground out 4-3 (Groundball, 4, EV 99.4 MPH)
Batting: SHB Jake Barry 0-0: Foul Ball, location: 3FF
0-1: Ball
1-1: Ball
2-1: Foul Ball, location: 25F
2-2: Ground out 6-3 (Groundball, 56, EV 103.8 MPH)
Batting: LHB Taed Mason 0-0: Ball
1-0: SINGLE (Line Drive, 89S, EV 106.3 MPH)
Batting: LHB Cole Roederer 0-0: Ball
1-0: Foul Ball, location: 3FF
1-1: Ball
2-1: Called Strike
2-2: Foul Ball, location: 7LDF
2-2: Foul Ball, location: 5FF
2-2: 2-RUN HOME RUN (Flyball, 9D, EV 103.1 MPH), Distance : 369 ft
Batting: RHB Josh McElroy 0-0: Ball
1-0: Ground out 4-3 (Groundball, 4D, EV 109.4 MPH)
Bottom of the 7th over - 2 runs, 2 hits, 0 errors, 0 left on base; Gwinnett 0 - Iowa 5
TOP OF THE 8TH
Gwinnett Stripers batting - Pitching for Iowa Cubs : RHP Elijah Jeffries
Batting: RHB Jeff Young 0-0: Called Strike
0-1: Swinging Strike
0-2: Ball
1-2: Ground out 3-1 (Groundball, 34, EV 83.8 MPH)
Batting: LHB Jimmy Avedon 0-0: Called Strike
0-1: Called Strike
0-2: Fly out, F8 (Flyball, 8LM, EV 86.9 MPH)
Batting: RHB Davis Wendzel 0-0: Ball
1-0: Foul Ball, location: 2F
1-1: Swinging Strike
1-2: Fly out, F7 (Flyball, 7, EV 95.6 MPH)
Top of the 8th over - 0 runs, 0 hits, 0 errors, 0 left on base; Gwinnett 0 - Iowa 5
BOTTOM OF THE 8TH
Iowa Cubs batting - Pitching for Gwinnett Stripers : RHP Alex Sosa
Batting: RHB Geoff Odom 0-0: Ground out 4-3 (Groundball, 4, EV 85.0 MPH)
Batting: RHB David Castro 0-0: Ball
1-0: Ball
2-0: Called Strike
2-1: Ball
3-1: Base on Balls
Pitching: LHP Pete Otterbein
Batting: LHB Jimmy Cummins 0-0: Called Strike
0-1: Ball
1-1: Ball
2-1: Ball
3-1: Base on Balls
David Castro to second
Batting: LHB Luis Mejia 0-0: Ball
1-0: Called Strike
1-1: Ball
2-1: Called Strike
2-2: Ball
3-2: Fly out, F7 (Flyball, 78D, EV 104.4 MPH)
Batting: LHB Larry Perron 0-0: Foul Ball, location: 2F
0-1: Ball
1-1: Foul Ball, location: 9LDF
1-2: Strikes out swinging
Bottom of the 8th over - 0 runs, 0 hits, 0 errors, 2 left on base; Gwinnett 0 - Iowa 5
TOP OF THE 9TH
Gwinnett Stripers batting - Pitching for Iowa Cubs : RHP Elijah Jeffries
Batting: RHB David Jaimes 0-0: Fly out, F2 (Popup, 23F, EV 80.6 MPH)
Batting: LHB Alfonso Rivas 0-0: Ball
1-0: Swinging Strike
1-1: DOUBLE (Line Drive, 89D, EV 103.8 MPH)
Batting: RHB Alex Castro 0-0: Ball
1-0: SINGLE (Line Drive, 9S, EV 103.1 MPH)
Alfonso Rivas to third
Batting: LHB Chris Shields 0-0: Ball
1-0: Called Strike
1-1: Fielders Choice at 2nd, 3-6 (Groundball, 3, EV 105.0 MPH)
Alfonso Rivas scores
Pitching: RHP Jonathan Stitt
Batting: LHB Mike Pajak 0-0: Foul Ball, location: 23FF
0-1: Called Strike
0-2: Strikes out swinging
Top of the 9th over - 1 run, 2 hits, 0 errors, 1 left on base; Gwinnett 1 - Iowa 5
Monday, March 4th , 2024 - OOTP Baseball 24.7 Build 72